 Dungeon Crawl Stone Soup version bcrawl-1.41 (webtiles) character file.

Game seed: 8914388977121800865

8230920 Shimizu the Spry (level 18, -3/163 HPs)
             Began as a Merfolk Monk on Apr 2, 2024.
             Was a High Priest of Hepliaklqana.
             Killed from afar by a lich (48 damage)
             ... with a bolt of acid
             ... on level 1 of the Vaults.
             The game lasted 05:41:35 (34569 turns).

Shimizu the Spry (Merfolk Monk)                    Turns: 34569, Time: 05:41:36

Health: -3/163     AC:  7    Str: 24    XL:     18   Next: 55%
Magic:  25/30      EV: 38    Int: 14    God:    Hepliaklqana [*****.]
Gold:   726        SH: 11    Dex: 30    Spells: 14/33 levels left

rFire    + . .     GDR:     38% a - +1 trident of Pride {pierce, rElec rC+ Str+4 Dex+2}
rCold    + + .     SeeInvis .   R - +1 buckler {rC+}
rNeg     . . .     Gourm    .   j - +0 troll leather armour
rPois    .         Faith    .   I - +2 hat
rElec    +         Spirit   .   T - +1 cloak {rF+}
rCorr    .         Reflect  .   Y - +1 pair of gloves of a Gauntlet {Int+4}
MR       ++...                  P - +0 pair of boots
Stlth    ++++++....             M - amulet of regeneration
HPRegen  1.52/turn              i - +5 ring of slaying
MPRegen  0.22/turn              E - ring of protection from magic

@: mighty, agile, lethally poisoned (-3 -> -3), incarnating, corroded, very
slightly contaminated, hasted, very quick
A: change form in water, swift swim, stealthy swim, reduced essence
}: 1/15 runes: gossamer
a: Recall Ancestor, Ancestor Identity, Transference, Incarnate, Renounce
Religion


You were on level 1 of the Vaults.
You worshipped Hepliaklqana.
Hepliaklqana was extremely pleased with you.
You were very hungry.

You visited 7 branches of the dungeon, and saw 27 of its levels.
You also visited: Bailey, Ice Cave and Volcano.

You collected 2676 gold pieces.
You spent 1950 gold pieces at shops.

Inventory:

Hand Weapons
 a - the +1 trident of Pride (weapon) {pierce, rElec rC+ Str+4 Dex+2}
   (You bought it in a shop in the Orcish Mines)

   It will always inflict at least some extra damage.
   This minimum extra damage increases with your current reserve of magical
   power.
   It affects your strength (+4).
   It affects your dexterity (+2).
   It protects you from cold.
   It insulates you from electricity.
Missiles
 b - 3 throwing nets {=f}
Armour
 j - a +0 troll leather armour (worn)
 I - a +2 hat (worn)
 N - the +0 cloak "Vameroi" {MR+ Str+2}
   (You found it on level 1 of the Vaults)

   It affects your strength (+2).
   It affects your resistance to hostile enchantments.
 P - a +0 pair of boots (worn)
 R - a +1 buckler of cold resistance (worn)
 T - a +1 cloak of fire resistance (worn)
 U - a +2 medium shield of reflection
 Y - the +1 pair of gloves of a Gauntlet (worn) {Int+4}
   (You bought it in a shop in the Orcish Mines)

   It affects your intelligence (+4).
Jewellery
 d - an uncursed amulet of guardian spirit
 i - a +5 ring of slaying (left hand)
 t - an uncursed ring of magical power
 u - an uncursed ring of protection from cold
 C - an uncursed amulet of the acrobat
 E - a ring of protection from magic (right hand)
 M - an amulet of regeneration (around neck)
 Q - an uncursed ring of see invisible
Wands
 k - a wand of clouds (4)
 w - a wand of digging (13)
 z - a wand of acid (2)
 K - a wand of iceblast (15)
 V - a wand of flame (21)
Scrolls
 c - 2 scrolls of silence
 g - 5 scrolls of fog
 m - 2 scrolls of revelation
 o - 2 scrolls of immolation
 r - 9 scrolls of identify
 s - 3 scrolls of teleportation
 v - 2 scrolls of enchant weapon
 D - 3 scrolls of vulnerability
Potions
 f - a potion of haste
 l - 3 potions of curing
 n - a potion of resistance
 p - 2 potions of cancellation
 q - 4 potions of flight
 A - 2 potions of agility
 B - 4 potions of ambrosia
 F - a potion of invisibility
 G - a potion of magic
 H - a potion of heal wounds
 J - 2 potions of berserk rage
 L - 2 potions of might
 S - a potion of lignification
Miscellaneous
 h - a phantom mirror
 x - a box of beasts
Comestibles
 e - 40 rations {!d}


   Skills:
 - Level 15.0 Fighting
 - Level 15.0 Polearms
 - Level 16.0 Dodging
 - Level 10.0 Stealth
 - Level 10.0 Shields
 - Level 8.0(13.6) Spellcasting
 - Level 8.0 Summonings
 - Level 8.0 Ice Magic
 - Level 8.0 Poison Magic
 + Level 13.6 Invocations
 - Level 5.0(13.6) Evocations


You had 14 spell levels left.
You knew the following spells:

 Your Spells              Type           Power        Failure   Level  Hunger
a - Summon Small Mammal   Summ           ####         1%          1    None
b - Call Imp              Summ           ####..       1%          2    None
c - Call Canine Familiar  Summ           ####....     1%          3    None
d - Summon Ice Beast      Ice/Summ       ####....     4%          4    None
e - Summon Scorpions      Summ/Pois      ####....     4%          4    None
f - Summon Demon          Summ           ####......   14%         5    None

Your spell library contained the following spells:

 Spells                   Type           Power        Failure   Level  Hunger
 Sting                    Conj/Pois      ###.         2%          1    None
 Poisonous Vapours        Pois/Air       ###...       3%          2    None
 Olgreb's Toxic Radiance  Pois           ####.....    4%          4    None
 Summon Mana Viper        Hex/Summ       #####...     4%          5    None
 Spider Form              Tmut/Pois      ###          8%          3    None
 Magic Dart               Conj           #...         13%         1    None
 Sandblast                Erth           #.....       13%         1    None
 Ignite Poison            Fire/Tmut/Pois ###.....     13%         3    None
 Mephitic Cloud           Conj/Pois/Air  ###.....     13%         3    None
 Blink                    Tloc           N/A          21%         2    None
 Conjure Flame            Conj/Fire      #.......     36%         3    None
 Summon Lightning Spire   Summ/Air       ###.....     56%         5    None
 Venom Bolt               Conj/Pois      ###.......   56%         5    None
 Summon Hydra             Summ           ####......   58%         6    ####...
 Infestation              Hex/Tmut/Pois  ####.....    71%         6    ####...
 Death Channel            Chrm/Necr      ####......   77%         6    ####...
 Petrify                  Tmut/Erth      #.........   78%         4    None
 Monstrous Menagerie      Summ           ####......   99%         7    #####..
 Borgnjor's Vile Clutch   Necr/Erth      #.........   100%        6    ####...
 Statue Form              Tmut/Erth      #........    100%        6    ####...
 Blight                   Necr/Pois      ###......    100%        7    #####..
 Haunt                    Necr/Summ      ###.......   100%        7    #####..
 Scorpion Form            Tmut/Pois      ###.......   100%        7    #####..
 Necromutation            Tmut/Necr      #.......     100%        8    ######.


Dungeon Overview and Level Annotations

Branches:
Dungeon (12/12)            Temple (1/1) D:4            Lair (6/6) D:8
 Shoals (2/3) Lair:3       Spider (3/3) Lair:3        Slime (0/5) Orc
    Orc (1/1) D:9             Elf (0/3) Lair:6       Vaults (2/3) D:11
  Crypt (0/2) Vaults:1     Depths (0/5) D:12

Altars:
Ashenzari
Cheibriados
Dithmenos
Elyvilon
Fedhas
Gozag
Hepliaklqana
Kikubaaqudgha
Lugonu
Makhleb
Nemelex Xobeh
Okawaru
Qazlal
Ru
Sif Muna
Trog
Uskayaw
Vehumet
Wu Jian
Xom
Yredelemnul
Zin
The Shining One
Jiyva

Shops:
D:7 !   D:8 =   Orc *[(:   Shoals:1 !   Vaults:1 !

Portals:
Abyss: Spider:1

Annotations:
D:12 Stash
Shoals:1 Jorgrun
Spider:1 3 runed translucent doors, Cris's ghost, journeyman FrCj; Cumomo's ghost, adept SpEn; Mehrunes's ghost, journeyman KoWr; Wachungys's ghost, journeyman NaAc; tronn's ghost, adept GnRg


Message History

You feel very mighty all of a sudden.
You feel sick. The brown ugly thing misses you.
You block the ironheart preserver's attack.
Blink to where?
Press: ? - help, Dir - move target cursor, p - lich You are very lightly contaminated with residual magic.
As you read the scroll of blinking, it crumbles to dust.
You feel sick. You block the lich's attack.
Okay, then.
You hit the lich.
Snnnck.
The lich is severely damaged.
You feel sick.
The lich gestures wildly while chanting.
The lich blinks!
You feel sick.
Your shield and troll leather armour prevent you from hitting the lich.
The lich is heavily damaged.
The lich points at you and mumbles some strange words.
The bolt of acid hits you!!!
You die...

###'##..#.......'........#
.....#..#.......#........#
.....#..#.......'........#
.....#..#.......#........#
.....#..#.......#.....Y..#
.....#..#.......#.......)#
######..#...###'#######'##
........#...# #.........#
........#...# #.@.......#
#########...# #.L.......#
............# #.........#
............# #.........#
###'###.....# #.........#
......#.....# #....u....#
.>....#.....# ######u####
......#.....# ##..2pp##
......#.....###...puu.##


You could see a red very ugly thing, a lich, a brown ugly thing and a vault
sentinel.

Vanquished Creatures
  Arachne (Spider:2)
  An Ice Fiend (IceCv)
  A tengu reaver (Vaults:1)
  Kirke (D:11)
  4 ghost moths
  An orc warlord (D:9)
  Louise (Shoals:1)
  2 vault wardens
  An emperor scorpion (Spider:3)
  2 elemental wellsprings (Shoals:2)
  A very ugly thing (Vaults:1)
  3 dire elephants (Vaults:1)
  3 spark wasps (Spider:3)
  An ettin (Vaults:1)
  3 merfolk impalers (Shoals:1)
  A merfolk javelineer (Shoals:2)
  The ghost of TTrolljaeger the Quickloader, a journeyman KoWr of Nemelex Xobeh (Lair:3)
  Urug (Lair:3)
  A yaktaur captain (Vaults:1)
  2 ice dragons
  Erolcha (D:9)
  3 vault guards (D:11)
  A merfolk avatar (Shoals:1)
  A hydra (D:12)
  A catoblepas (Lair:6)
  A death knight (Vaults:1)
  3 alligator snapping turtles
  A two-headed ogre (D:8)
  10 death yaks (Lair:6)
  A vampire mage (D:12)
  A deep troll shaman (Vaults:1)
  A sea snake (shapeshifter) (D:11)
  A hell hog (Volcano)
  3 ironheart beastmasters
  4 sea snakes
  An orc high priest (Orc)
  2 deep elf knights
  2 deep trolls (Vaults:1)
  3 centaur warriors
  A goliath frog (Shoals:1)
  2 hell knights (Vaults:1)
  A cyclops (D:11)
  A glowing orange brain (Vaults:1)
  A tengu zombie (D:12)
  2 lindwurms (Lair:4)
  A phantasmal warrior (Vaults:1)
  An orb spider (shapeshifter) (D:12)
  15 orb spiders
  2 ironheart convokers (Vaults:1)
  3 necromancers
  9 deep elf magi
  A sphinx zombie (D:12)
  2 orc knights (Orc)
  25 wolf spiders
  4 wizards
  3 wolf spider zombies
  An oklob plant (Lair:6)
  4 manticores
  2 orc sorcerers (Orc)
  A tengu skeleton (D:12)
  9 ugly things
  2 ice statues (IceCv)
  An iron dragon skeleton (D:12)
  7 elephants
  3 water nymphs (Shoals:2)
  3 black mambas
  A vault sentinel (Vaults:1)
  The ghost of tronn the Magician, a novice DjAc of Ashenzari (D:6)
  2 gargoyles (D:11)
  A cane toad (shapeshifter) (D:11)
  6 demonic crawlers
  7 yaktaurs
  A kobold demonologist (D:10)
  12 cane toads
  17 jumping spiders
  3 rime drakes
  A dryad (D:8)
  An efreet (D:12)
  13 ice devils (IceCv)
  2 komodo dragons
  A guardian mummy (D:12)
  A queen bee (Lair:3)
  5 merfolk
  2 trolls
  3 meliai
  4 tyrant leeches (Lair:6)
  8 slime creatures
  8 hornets
  A harpy skeleton (D:12)
  4 hippogriffs
  4 snapping turtles
  13 blink frogs
  A stone giant simulacrum (Vaults:1)
  A wyvern (shapeshifter) (Vaults:2)
  A water elemental (Shoals:2)
  12 tarantellas
  39 yaks
  A shadow (D:12)
  14 humans
  2 fire elementals (Spider:1)
  3 wyverns
  3 hungry ghosts
  5 vampire mosquitoes
  A steam dragon (Volcano)
  26 redbacks
  4 swamp worms (Lair:6)
  4 wargs (Orc)
  10 crocodiles
  5 water moccasins
  2 hell hounds
  6 porcupines
  A swamp drake (D:9)
  3 ice beasts
  12 orc warriors
  3 sky beasts
  A black bear (shapeshifter) (D:12)
  4 phantoms
  2 black bears
  A hornet zombie (D:11)
  6 ogres
  3 boggarts (Vaults:1)
  A necrophage (D:6)
  9 wolves (Lair:3)
  2 elephant zombies (Lair:3)
  8 bullfrogs
  2 kobold brigands
  3 centaurs
  9 killer bees
  2 scorpions
  A statue (D:8)
  5 wights (D:9)
  5 howler monkeys
  3 electric eels
  6 orc priests
  A bullfrog zombie (D:7)
  2 jellies
  A quasit (D:7)
  A basilisk zombie (Lair:3)
  3 hounds
  A bullfrog skeleton (D:5)
  7 orc wizards
  3 iguanas
  17 worker ants
  4 hell rats (Lair:5)
  A hound zombie (D:5)
  2 hound skeletons
  3 worker ant zombies (D:6)
  11 adders
  4 gnolls
  2 shadow imps
  7 white imps (IceCv)
  3 ufetubi (IceCv)
  2 adder zombies
  An adder skeleton (D:5)
  2 worms (D:2)
  2 dart slugs
  A leopard gecko (D:2)
  33 orcs
  6 giant cockroaches
  10 goblins
  8 hobgoblins
  12 jackals
  A quokka (D:3)
  5 bats
  7 frilled lizards
  13 kobolds
  5 rats
  A lurking horror (Spider:1)
  4 plants
720 creatures vanquished.

Vanquished Creatures (collateral kills)
  A ghost moth (Spider:3)
  2 ironheart preservers (Vaults:1)
  An entropy weaver (Spider:1)
  3 dire elephants
  Azrael (Spider:1)
  A fire dragon (shapeshifter) (Vaults:1)
  An ice dragon (Vaults:1)
  2 catoblepae (Lair:6)
  A death yak (Lair:6)
  A sea snake (Shoals:1)
  A deep elf knight (Vaults:1)
  A fire crab (Volcano)
  A skeletal warrior (D:12)
  2 unseen horrors (D:11)
  A hell knight (Vaults:1)
  A goliath frog (Shoals:1)
  A wizard (Vaults:1)
  A phantasmal warrior (Vaults:2)
  An orc knight (Orc)
  A cyclops (D:12)
  2 necromancers
  4 orb spiders
  A deep elf mage (Bailey)
  2 manticores
  7 wolf spiders
  An ugly thing (D:11)
  2 elephants (Lair:6)
  3 cane toads
  6 jumping spiders
  A torpor snail (Lair:6)
  A rime drake (Lair:5)
  2 komodo dragons
  2 yaktaurs
  2 hornets
  2 merfolk (Shoals:2)
  6 slime creatures
  A blink frog (Lair:3)
  A snapping turtle (Shoals:2)
  2 hippogriffs
  A water elemental (Shoals:1)
  6 tarantellas
  2 basilisks
  A fire elemental (Spider:1)
  5 yaks
  A steam dragon (Volcano)
  8 redbacks
  3 humans (D:11)
  Edmund (D:6)
  A swamp worm (Lair:6)
  2 crocodiles
  A porcupine (Lair:4)
  3 orc warriors
  2 ice beasts
  A sky beast (D:5)
  A phantom (D:7)
  An elephant zombie (Lair:3)
  An ogre (D:11)
  A scorpion (D:5)
  2 killer bees (D:6)
  4 orc priests
  A crimson imp (D:11)
  A hound (D:9)
  An iguana (D:5)
  3 orc wizards
  2 worker ants
  2 white imps (IceCv)
  An ufetubus (IceCv)
  12 orcs
  A kobold (D:8)
  A butterfly (Lair:3)
  3 plants
149 creatures vanquished.

Vanquished Creatures (others)
  A hydra (Lair:6)
  A necromancer (D:11)
  An elephant (Lair:6)
  7 dream sheep (Lair:6)
  A hippogriff (Lair:6)
  3 yaks (Lair:6)
  A basilisk (Lair:6)
  5 humans (D:11)
  A water moccasin (Lair:6)
  3 swamp worms (Lair:6)
  A centaur (D:11)
  An orc priest (Orc)
  54 hexers
  An adder (D:11)
  3 white imps (IceCv)
  2 ufetubi (IceCv)
  9 fungi
  A lurking horror (Spider:1)
  18 plants
  3 withered plants (D:12)
117 creatures vanquished.

Grand Total: 986 creatures vanquished

Notes
Turn   | Place    | Note
-------+----------+-------------------------------------------
     0 | D:1      | Shimizu the Merfolk Monk began the quest for the Orb.
     0 | D:1      | Reached XP level 1. HP: 18/18 MP: 2/2
   109 | D:1      | Reached XP level 2. HP: 15/24 MP: 3/3
   406 | D:1      | Reached XP level 3. HP: 29/29 MP: 4/4
   824 | D:2      | Reached skill level 5 in Polearms
   891 | D:2      | Found a corrupted altar of Lugonu.
  1005 | D:2      | Found an iron altar of Okawaru.
  1005 | D:2      | Found a snail-covered altar of Cheibriados.
  1010 | D:2      | Found a sparkling altar of Nemelex Xobeh.
  1016 | D:2      | Found a shimmering altar of Xom.
  1017 | D:2      | Found a stormy altar of Qazlal.
  1635 | D:3      | Reached XP level 4. HP: 26/37 MP: 5/5
  1882 | D:3      | Reached skill level 5 in Dodging
  2117 | D:3      | Reached skill level 1 in Spellcasting
  2450 | D:4      | Found a staircase to the Ecumenical Temple.
  2483 | D:3      | Reached XP level 5. HP: 24/43 MP: 3/7
  2693 | Temple   | Entered the Ecumenical Temple
  2763 | D:4      | Reached skill level 5 in Fighting
  3017 | D:4      | Noticed a sky beast
  3086 | D:5      | Entered Level 5 of the Dungeon
  3706 | D:5      | Noticed a phantom
  3715 | D:5      | Reached XP level 6. HP: 50/51 MP: 9/9
  3853 | D:5      | Noticed a sky beast
  4149 | Temple   | Became a worshipper of Hepliaklqana the Forgotten
  4149 | Temple   | Reached * piety under Hepliaklqana
  4149 | Temple   | Reached ** piety under Hepliaklqana
  4150 | Temple   | Remembered your ancestor Melvin as a hexer
  4241 | D:5      | Killed a sky beast
  4382 | D:5      | Reached skill level 6 in Dodging
  4382 | D:5      | Reached XP level 7. HP: 51/51 MP: 10/10
  5032 | D:5      | Reached XP level 8. HP: 57/57 MP: 10/12
  5395 | D:6      | Found a runed translucent door.
  5395 | D:6      | Noticed tronn's ghost (novice DjAc)
  5459 | D:6      | Reached skill level 7 in Dodging
  5460 | D:6      | Reached skill level 5 in Invocations
  5577 | D:6      | Noticed Edmund
  5596 | D:6      | Killed Edmund
  5746 | D:6      | Reached XP level 9. HP: 64/64 MP: 14/14
  5851 | D:6      | Found an ornate altar of the Wu Jian Council.
  5852 | D:6      | Found a sacrificial altar of Ru.
  5937 | D:6      | Identified the Volume of Dusty Intoxication
  6582 | D:7      | Reached skill level 8 in Dodging
  6627 | D:7      | Reached *** piety under Hepliaklqana
  6656 | D:7      | Reached skill level 10 in Polearms
  6911 | D:7      | Found Zeaplocs's Distillery.
  6934 | D:7      | Bought a potion of magic for 70 gold pieces
  6934 | D:7      | Bought a potion of heal wounds for 70 gold pieces
  6934 | D:7      | Bought a potion of degeneration for 14 gold pieces
  6934 | D:7      | Bought a potion of berserk rage for 42 gold pieces
  7129 | D:7      | Found a glowing silver altar of Zin.
  7422 | D:8      | Found a staircase to the Lair.
  7428 | D:8      | Noticed an elephant
  7597 | D:8      | Reached XP level 10. HP: 73/73 MP: 16/16
  7692 | D:8      | Found a shadowy altar of Dithmenos.
  7699 | D:8      | Found Sistytue's Jewellery Shoppe.
  7719 | D:8      | Noticed a two-headed ogre
  7856 | D:8      | Killed a two-headed ogre
  7983 | D:8      | Found a basalt altar of Yredelemnul.
  8001 | D:8      | Killed an elephant
  8229 | D:9      | Found an ancient bone altar of Kikubaaqudgha.
  8229 | D:9      | Found a blossoming altar of Fedhas.
  8267 | D:9      | Noticed Erolcha
  8304 | D:9      | Noticed a centaur warrior
  8636 | D:9      | Reached skill level 9 in Dodging
  8825 | D:9      | Reached skill level 10 in Fighting
  8825 | D:9      | Reached skill level 10 in Dodging
  8878 | D:9      | Found a staircase to the Orcish Mines.
  9030 | D:9      | Reached **** piety under Hepliaklqana
  9237 | D:9      | Found a bloodstained altar of Trog.
  9306 | D:9      | Killed a centaur warrior
  9307 | D:9      | Reached XP level 11. HP: 66/82 MP: 17/17
  9405 | D:9      | Killed Erolcha
  9406 | D:9      | Reached skill level 1 in Evocations
  9457 | D:10     | Entered Level 10 of the Dungeon
  9610 | D:10     | Got a fading war axe
  9931 | D:10     | Identified the +4 war axe "Vit Yscha" {elec, rPois} (You
                  | found it on level 10 of the Dungeon)
 10218 | D:11     | Noticed a manticore
 10239 | D:11     | Reached ***** piety under Hepliaklqana
 10239 | D:11     | Noticed an eight-headed hydra
 10411 | D:11     | Noticed Kirke
 10414 | D:11     | Noticed a manticore
 10421 | D:11     | Noticed a lindwurm
 10427 | D:11     | Killed Kirke
 10428 | D:11     | Reached skill level 5 in Stealth
 10442 | D:11     | Reached skill level 5 in Evocations
 10509 | D:11     | Killed a manticore
 10715 | D:11     | Reached XP level 12. HP: 78/88 MP: 18/18
 10730 | D:11     | Noticed a sea snake
 10745 | D:11     | Killed a sea snake
 10746 | D:11     | Reached skill level 11 in Dodging
 10932 | D:11     | Learned a level 1 spell: Summon Small Mammal
 11037 | D:11     | Reached skill level 1 in Summonings
 11087 | D:11     | Reached skill level 5 in Spellcasting
 11306 | D:11     | Noticed a vault guard
 11318 | D:11     | Killed a vault guard
 11319 | D:11     | Reached skill level 10 in Invocations
 11324 | D:11     | Noticed a vault guard
 11326 | D:11     | Noticed a vault guard
 11384 | D:11     | Killed a vault guard
 11385 | D:11     | Reached skill level 12 in Dodging
 11520 | D:11     | Killed a vault guard
 11528 | D:11     | Reached skill level 5 in Summonings
 11600 | D:11     | Reached skill level 13 in Dodging
 11650 | D:11     | Found a gate to the Vaults.
 12023 | Lair:1   | Entered Level 1 of the Lair of Beasts
 12037 | Lair:1   | Reached XP level 13. HP: 88/93 MP: 20/20
 12061 | Lair:1   | Reached skill level 14 in Dodging
 12673 | Lair:1   | Reached skill level 15 in Dodging
 12973 | Lair:2   | Found the cursed +14 obsidian axe {chop, +Fly SInv *Curse}
 13501 | Lair:2   | Found a dark tunnel.
 13506 | Volcano  | Entered a volcano
 14054 | Lair:3   | Noticed Urug
 14110 | Lair:3   | Found a hole to the Spider Nest.
 14300 | Lair:3   | Killed Urug
 14581 | Lair:3   | Found a transporter.
 14586 | Lair:3   | Found a transporter.
 14586 | Lair:3   | Noticed TTrolljaeger's ghost (journeyman KoWr)
 14624 | Lair:3   | Learned a level 2 spell: Call Imp
 14642 | Lair:3   | Learned a level 4 spell: Summon Ice Beast
 14883 | Lair:3   | Reached skill level 1 in Ice Magic
 14900 | Lair:3   | Found a staircase to the Shoals.
 15471 | D:6      | Killed tronn's ghost
 15983 | Lair:3   | Learned a level 3 spell: Call Canine Familiar
 15987 | Lair:3   | Identified a scroll of acquirement
 16232 | Lair:3   | Killed TTrolljaeger's ghost
 16819 | Lair:4   | Reached XP level 14. HP: 103/103 MP: 22/22
 18055 | Lair:5   | Reached skill level 1 in Shields
 18797 | Lair:6   | Entered Level 6 of the Lair of Beasts
 19124 | Orc      | Entered the Orcish Mines
 19329 | Orc      | Reached skill level 5 in Ice Magic
 19397 | Orc      | Found a roughly hewn altar of Beogh.
 19411 | Orc      | Noticed an orc warlord
 19536 | D:9      | Killed an orc warlord
 19622 | Orc      | Found a roughly hewn altar of Beogh.
 19732 | Orc      | Found a viscous altar of Jiyva.
 19732 | Orc      | Found a staircase to the Slime Pits.
 20001 | Orc      | Found Seqoro's Book Emporium.
 20018 | Orc      | Found Eschuv's Antique Weapon Emporium.
 20025 | Orc      | Bought a transparent trident for 238 gold pieces
 20025 | Orc      | Identified the +1 trident of Pride {pierce, rElec rC+ Str+4
                  | Dex+2} (You bought it in a shop in the Orcish Mines)
 20034 | Orc      | Found Qeaneunt's Antique Armour Emporium.
 20043 | Orc      | Bought a pair of fading gloves for 266 gold pieces
 20053 | Orc      | Identified the +1 pair of gloves of a Gauntlet {Int+4} (You
                  | bought it in a shop in the Orcish Mines)
 20149 | Orc      | Found Byxidgh's General Store.
 20427 | D:12     | Entered Level 12 of the Dungeon
 20429 | D:12     | Found a flagged portal.
 20686 | Bailey   | Entered a bailey
 21279 | D:12     | Found a staircase to the Depths.
 21638 | D:12     | Reached XP level 15. HP: 108/108 MP: 25/25
 21953 | D:12     | Reached skill level 5 in Shields
 22329 | Spider:1 | Entered Level 1 of the Spider Nest
 22496 | Spider:1 | Found a one-way gate to the infinite horrors of the Abyss.
 22497 | Spider:1 | Found a corrupted altar of Lugonu.
 22766 | Spider:1 | Killed a ghost moth
 23067 | Spider:1 | Noticed Azrael
 23122 | Spider:1 | Killed Azrael
 23279 | Spider:1 | Found a runed translucent gate.
 23280 | Spider:1 | Found a runed translucent gate.
 23281 | Spider:1 | Found a runed translucent gate.
 23281 | Spider:1 | Noticed Wachungys's ghost (journeyman NaAc)
 23283 | Spider:1 | Noticed tronn's ghost (adept GnRg)
 23283 | Spider:1 | Noticed Cris's ghost (journeyman FrCj)
 23283 | Spider:1 | Noticed Cumomo's ghost (adept SpEn)
 23283 | Spider:1 | Noticed Mehrunes's ghost (journeyman KoWr)
 23823 | Spider:2 | Noticed Arachne
 23889 | Spider:2 | Killed Arachne
 24170 | Lair:5   | Identified the +2 medium shield of the Beggar {+Blink rPois
                  | Str-5 Int+6} (You acquired it on level 5 of the Lair of
                  | Beasts)
 24331 | Lair:6   | Found a staircase to the Elven Halls.
 24470 | Lair:6   | Reached skill level 10 in Stealth
 24484 | Lair:6   | Reached XP level 16. HP: 116/116 MP: 20/28
 25315 | Lair:6   | Identified Caqu Wiki's Papyrus of the Crushed Spirits
 25952 | Shoals:1 | Entered Level 1 of the Shoals
 26033 | Shoals:1 | Found Maq Emme's Distillery.
 26041 | Shoals:1 | Bought a potion of agility for 60 gold pieces
 26041 | Shoals:1 | Bought a potion of curing for 37 gold pieces
 26041 | Shoals:1 | Bought a potion of curing for 37 gold pieces
 26041 | Shoals:1 | Bought a potion of agility for 60 gold pieces
 26209 | Shoals:1 | Noticed Louise
 26261 | Shoals:1 | Killed Louise
 27076 | Spider:2 | Got a coiled bronze ring
 27080 | Spider:2 | Identified the ring "Lasamaaj" {+Fly rElec} (You found it
                  | on level 2 of the Spider Nest)
 27369 | Spider:3 | Entered Level 3 of the Spider Nest
 27555 | Spider:3 | Found a frozen archway.
 27611 | IceCv    | Entered an ice cave
 27856 | IceCv    | Noticed an Ice Fiend
 28043 | IceCv    | Killed an Ice Fiend
 28044 | IceCv    | Reached XP level 17. HP: 112/126 MP: 21/29
 28122 | IceCv    | Reached skill level 16 in Dodging
 28948 | Spider:2 | Reached skill level 15 in Polearms
 29470 | Spider:3 | Reached skill level 15 in Fighting
 29615 | Spider:3 | Learned a level 5 spell: Summon Demon
 29620 | Spider:3 | Learned a level 4 spell: Summon Scorpions
 29688 | Spider:3 | Got a gossamer rune of Zot
 30263 | Shoals:1 | Reached skill level 1 in Poison Magic
 30352 | Shoals:1 | Noticed Jorgrun
 30730 | D:8      | Bought an uncursed ring of protection from magic for 275
                  | gold pieces
 31262 | Shoals:2 | Noticed a kraken
 31844 | Vaults:1 | Entered Level 1 of the Vaults
 32417 | Vaults:1 | Noticed a lich
 32511 | Vaults:1 | Found Sog Isia's Distillery.
 32518 | Vaults:1 | Bought a potion of haste for 170 gold pieces
 32518 | Vaults:1 | Bought a potion of haste for 170 gold pieces
 32518 | Vaults:1 | Bought a potion of curing for 42 gold pieces
 32518 | Vaults:1 | Bought a potion of agility for 68 gold pieces
 32518 | Vaults:1 | Bought a potion of heal wounds for 85 gold pieces
 32518 | Vaults:1 | Bought a potion of berserk rage for 51 gold pieces
 32518 | Vaults:1 | Bought a potion of cancellation for 85 gold pieces
 32518 | Vaults:1 | Bought a potion of curing for 42 gold pieces
 32518 | Vaults:1 | Bought a potion of might for 68 gold pieces
 32770 | Vaults:2 | Reached skill level 10 in Shields
 32770 | Vaults:2 | Reached XP level 18. HP: 130/134 MP: 23/30
 33063 | Vaults:1 | Found a staircase to the Crypt.
 33063 | Vaults:1 | Found a basalt altar of Yredelemnul.
 33064 | Vaults:1 | Found an ancient bone altar of Kikubaaqudgha.
 33461 | Vaults:1 | Identified the +0 cloak "Vameroi" {MR+ Str+2}
 33510 | Vaults:1 | Reached skill level 5 in Poison Magic
 33820 | Vaults:1 | Noticed a Shadow Fiend
 34202 | Vaults:1 | Noticed a quicksilver dragon
 34202 | Vaults:1 | a frost giant changed into a quicksilver dragon
 34203 | Vaults:1 | a quicksilver dragon changed into a dire elephant
 34569 | Vaults:1 | Killed from afar by a lich

Skill      XL: |  1  2  3  4  5  6  7  8  9 10 11 12 13 14 15 16 17 18 |
---------------+-------------------------------------------------------+-----
Stealth        | 3 5 6 7 10 | 10.0
Polearms       | 5 6 7 9 12 14 15 | 15.0
Fighting       | 4 5 6 7 8 10 12 14 15 | 15.0
Dodging        | 5 6 7 8 10 13 15 16 | 16.0
Spellcasting   | 1 2 3 4 5 7 8 |  8.0
Invocations    | 4 5 8 10 12 13 | 13.6
Evocations     | 5 |  5.0
Summonings     | 5 7 8 |  8.0
Ice Magic      | 3 6 8 |  8.0
Shields        | 4 6 8 10 | 10.0
Poison Magic   | 4 8 |  8.0

Action                   |  1- 3 |  4- 6 |  7- 9 | 10-12 | 13-15 | 16-18 || total
-------------------------+-------+-------+-------+-------+-------+-------++-------
Melee: Spear             |   148 |   243 |    55 |       |       |       ||   446
       Trident           |       |       |   182 |   565 |  1122 |  1572 ||  3441
       Tailslap          |       |       |       |     3 |    16 |    30 ||    49
       Demon trident     |       |       |       |       |   364 |       ||   364
 Fire: Hunting sling     |       |       |     7 |       |       |       ||     7
 Cast: Call Imp          |       |       |       |       |     9 |    22 ||    31
       Call Canine Famil |       |       |       |       |    11 |    32 ||    43
       Summon Ice Beast  |       |       |       |       |    31 |   148 ||   179
Invok: Ancestor Life: He |       |     1 |       |       |       |       ||     1
       Ancestor Identity |       |     1 |       |       |       |       ||     1
       Recall Ancestor   |       |       |     1 |     5 |    17 |    19 ||    42
       Transference      |       |       |       |     5 |    11 |     7 ||    23
       Incarnate         |       |       |       |       |     5 |     5 ||    10
Evoke: Wand              |       |       |       |     3 |    10 |    14 ||    27
       Box of beasts     |       |       |       |       |       |     3 ||     3
  Use: Potion            |       |     6 |       |     2 |    12 |    14 ||    34
       Scroll            |       |     4 |     2 |     2 |    18 |    12 ||    38
 Stab: Sleeping          |     4 |    11 |    13 |     8 |    29 |    14 ||    79
       Confused          |       |       |     2 |     3 |    13 |    26 ||    44
       Distracted        |       |       |     3 |     3 |    25 |    28 ||    59
       Paralysed         |       |       |       |       |     6 |    64 ||    70
       Petrified         |       |       |       |       |       |     5 ||     5
       Invisible         |       |       |       |       |       |     3 ||     3
       Held in net/web   |       |       |       |       |       |     1 ||     1
  Eat: Chunk             |     5 |     8 |    13 |    19 |    43 |    41 ||   129
       Ration            |       |     2 |     1 |     2 |     7 |    10 ||    22
Armor: Robe              |    12 |    36 |    29 |    13 |       |       ||    90
       Troll leather arm |       |       |       |    40 |   125 |   130 ||   295
       Skin              |       |       |       |       |    30 |       ||    30
Dodge: Dodged            |    51 |   174 |   107 |   301 |   977 |  1212 ||  2822
Block: Medium shield     |       |       |       |       |    75 |       ||    75
       Reflection        |       |       |       |       |     3 |       ||     3
       Buckler           |       |       |       |       |       |   353 ||   353
